 Dungeon Crawl Stone Soup version 0.20-a0-495-g2241292 (webtiles) character file.

109 Leszczynek the Twirler (level 4, -2/25 HPs)
             Began as a Deep Elf Wanderer on Jan 18, 2017.
             Slain by an orc wizard
             ... wielding a +0 war axe
              (6 damage)
             ... on level 3 of the Dungeon.
             The game lasted 00:12:13 (3033 turns).

Leszczynek the Twirler (Deep Elf Wanderer)          Turns: 3033, Time: 00:12:14

Health: -2/25      AC:  6    Str: 10    XL:     4   Next: 60%
Magic:  6/6        EV: 10    Int: 20    God:
Gold:   149        SH:  0    Dex: 16    Spells: 3/3 levels left

rFire    . . .     SeeInvis .   a - +4 quarterstaff
rCold    . . .     Gourm    .   q - +0 ring mail
rNeg     . . .     Faith    .   (shield currently unavailable)
rPois    .         Spirit   .   (no helmet)
rElec    .         Reflect  .   (no cloak)
rCorr    .         Harm     .   m - +0 pair of gloves
MR       .....                  (no boots)
Stlth    ++........             (no amulet)
Regen    0.1/turn               (no ring)
                                (no ring)

@: brilliant
A: no striking features
a: no special abilities


You were on level 3 of the Dungeon.
You were not hungry.

You visited 1 branch of the dungeon, and saw 3 of its levels.

You collected 149 gold pieces.

Inventory:

Hand Weapons
 a - a +4 quarterstaff (weapon)
 b - a +1 dagger of venom
Missiles
 j - 5 javelins of returning (quivered)
 p - 89 stones
Armour
 f - a +0 robe
 m - a +0 pair of gloves (worn)
 q - a +0 ring mail (worn)
Scrolls
 g - 2 scrolls of remove curse {@r2}
 o - a scroll of fear {unknown}
 r - 2 scrolls of teleportation {unknown}
 s - 3 scrolls of recharging {unknown}
 w - a scroll of identify {unknown}
Comestibles
 d - a bread ration
 h - a beef jerky
 n - 5 chunks of flesh
 t - 2 meat rations


   Skills:
 - Level 1.5 Fighting
   Level 1.0(2.3) Maces & Flails
 + Level 4.5(4.6) Staves
 - Level 1.0 Armour
 - Level 1.2 Dodging
 - Level 2.4 Stealth
   Level 1.0 Shields
   Level 1.1 Evocations


You had 3 spell levels left.
You didn't know any spells.

Dungeon Overview and Level Annotations

Branches:
Dungeon (3/15)

Altars:

Annotations:
D:3 orc wizard


Message History

The orc wizard hits you but does no damage. x2
It was a potion of cancellation.
You feel magically purged.
The orc wizard gestures at you while chanting.
The magic dart hits you!
* * * LOW HITPOINT WARNING * * *
Unknown command.
It was a potion of cure mutation.
It has a very clean taste.
The orc wizard closely misses you.
It was a potion of brilliance.
You feel clever all of a sudden. The orc wizard hits you with a war axe.
* * * LOW HITPOINT WARNING * * *
The orc wizard closely misses you.
You aren't carrying any items that you can evoke.
Unknown command.
Okay, then.
You closely miss the orc wizard.
The orc wizard is moderately wounded.
The orc wizard hits you with a war axe.
You die...

.# ##.####.....#.....#
.###########.#
###.#...#####
.#...........#
#...#.##
.#.###########
###...#.# .#.#
######.......# .o.##
#..o.........# ...o##
#.####.......# .#.#.##
#.######...###
..###.#####.#...@oo..#
.## ##o.....#.########
..###.#######.#
...#........#.#
#....#####....# #.#.##
##.###.## #.#.####.##
##.# #.#.##...# #.#
#.#.##.#.## ##.#


You could see an orc wizard and an orc.

Vanquished Creatures
  A hound skeleton (D:3)
  3 adders (D:3)
  3 worms
  2 dart slugs (D:2)
  A leopard gecko (D:2)
  6 orcs (D:3)
  A ball python (D:2)
  2 giant cockroaches
  4 goblins
  7 hobgoblins
  A quokka (D:2)
  9 bats
  A frilled lizard (D:1)
  6 kobolds
  4 rats
51 creatures vanquished.

Notes
Turn   | Place    | Note
-------+----------+-------------------------------------------
     0 | D:1      | Leszczynek the Deep Elf Wanderer began the quest for the Orb.
     0 | D:1      | Leszczynek set off with: a +2 quarterstaff, a +0 short sword, a potion of curing {@q1}, a bread ration, a +0 dagger, a +0 robe
     0 | D:1      | Reached XP level 1. HP: 12/12 MP: 3/3
     0 | D:1      | oh boy
     0 | D:1      | open start
     0 | D:1      | stats 9/14/16 (+4/+2/+6)
     0 | D:1      | hm
     0 | D:1      | this doesn't look good, at least i have stealth
    25 | D:1      | and a +2 quarterstaff, good for starters
   731 | D:1      | XL 1 after finishing D:1
   731 | D:1      | wew
   816 | D:2      | Reached skill level 2 in Staves
   877 | D:2      | Reached XP level 2. HP: 16/16 MP: 4/4
   934 | D:2      | battleaxe
   934 | D:2      | welp
  1292 | D:2      | Reached skill level 3 in Staves
  1404 | D:2      | Reached XP level 3. HP: 20/20 MP: 5/5
  1620 | D:2      | fuck, he woke up
  1653 | D:2      | so much for stealth
  1786 | D:2      | HP: 2/20 [poisoned by an adder]
  2203 | D:3      | Reached XP level 4. HP: 14/25 MP: 6/6
  2361 | D:3      | Reached skill level 4 in Staves
  3028 | D:3      | HP: 2/25 [orc wizard/puff of frost (14)]
  3033 | D:3      | Slain by an orc wizard

Vault maps used:
D:1:      co_arrival_square_in_a_square_in_a_square
D:2:      interstate_on_off

Skill      XL: |  1  2  3  4 |
---------------+-------------+-----
Staves         | 2 3 4 |  4.5
Fighting       | |  1.5
Maces & Flails | |  1.0
Armour         | |  1.0
Dodging        | |  1.2
Stealth        | |  2.4
Shields        | |  1.0
Evocations     | |  1.1

Action                   |  1- 3 |  4- 6 || total
-------------------------+-------+-------++-------
Melee: Quarterstaff      |    73 |    50 ||   123
Throw: Stone             |    10 |     2 ||    12
       Throwing net      |     1 |       ||     1
  Use: Scroll            |     2 |     1 ||     3
       Potion            |       |     5 ||     5
 Stab: Sleeping          |     4 |       ||     4
  Eat: Chunk             |     3 |     3 ||     6
       Fruit             |     1 |       ||     1
Armor: Robe              |     4 |       ||     4
       Ring mail         |    22 |    14 ||    36
Dodge: Dodged            |    39 |    23 ||    62
